 Dungeon Crawl Stone Soup version 0.20.1-1-g8b1a95d (webtiles) character file.

112 equalderp2856 the Skirmisher (level 4, 0/35 HPs)
             Began as a Mummy Fighter on Oct 25, 2017.
             Killed from afar by an orc wizard (7 damage)
             ... with a puff of flame
             ... on level 3 of the Dungeon.
             The game lasted 00:02:33 (2019 turns).

equalderp2856 the Skirmisher (Mummy Fighter)        Turns: 2019, Time: 00:02:34

Health: 0/35       AC:  8    Str: 19    XL:     4   Next: 64%
Magic:  4/4        EV:  7    Int:  8    God:
Gold:   133        SH:  0    Dex: 11    Spells: 4/4 levels left

rFire    x . .     SeeInvis .   a - +0 war axe
rCold    + . .     Gourm    .   c - +0 shield
rNeg     + + +     Faith    .   b - +0 scale mail
rPois    ∞         Spirit   .   i - +1 hat
rElec    .         Reflect  .   (no cloak)
rCorr    .         Harm     .   (no gloves)
MR       .....                  n - +0 pair of boots
Stlth    ..........             (no amulet)
Regen    0.2/turn               (no ring)
MPRegen  0.1/turn               (no ring)

@: confused
A: no food or potions, fire vulnerability, cold resistance 1, negative energy
resistance 3, torment resistance, unbreathing
a: no special abilities


You were on level 3 of the Dungeon.
You were not hungry.

You visited 1 branch of the dungeon, and saw 3 of its levels.

You collected 133 gold pieces.

Inventory:

Hand Weapons
 a - a +0 war axe (weapon)
Armour
 b - a +0 scale mail (worn)
 c - a +0 shield (worn)
 i - a +1 hat (worn)
 k - a +0 helmet
 n - a +0 pair of boots (worn)
Jewellery
 m - an uncursed ring of protection from magic {unknown}
Wands
 o - a wand of confusion (16/48)
Scrolls
 d - 4 scrolls of identify {unknown}
 e - a scroll of teleportation {unknown}
 f - a scroll of amnesia {unknown}
 g - a scroll of blinking {unknown}
 h - a scroll of noise {unknown}
 j - 2 scrolls of enchant weapon {unknown}
 l - 2 scrolls of fog {unknown}
 p - a scroll of magic mapping {unknown}


   Skills:
 + Level 3.3 Fighting
 * Level 3.0 Axes
 + Level 2.7 Armour
 + Level 0.4 Dodging
 + Level 0.1 Stealth
 + Level 2.9 Shields
 * Level 0.5 Spellcasting


You had 4 spell levels left.
You didn't know any spells.

Dungeon Overview and Level Annotations

Branches:
Dungeon (3/15)

Altars:

Annotations:
D:3 Tr0llz0r's ghost, amateur HOFi


Innate Abilities, Weirdness & Mutations

You do not eat or drink.
Your flesh is vulnerable to fire.
You are immune to poison.
Your flesh is cold resistant. (rC+)
You are immune to negative energy. (rN+++)
You are immune to unholy pain and torment.
You can survive without breathing.


Message History

You're too confused to move!
The orc wizard hits you but does no damage.
Unknown command.
The orc wizard hits you but does no damage.
Unknown command.
The orc wizard gestures at you while chanting.
You are more confused.
Unknown command.
The orc wizard barely misses you.
Items here: ) [ †† a morningstar; a leather armour; an orc corpse; a goblin corpse You completely miss the orc wizard.
The orc wizard is almost dead.
The orc wizard hits you but does no damage. x2
The orc wizard gestures at you while chanting.
You resist with some effort.
You bump into the rock wall.
The orc wizard gestures at you while chanting.
The puff of flame hits you! The fire burns you terribly!
You die...

.# .# .# .# .#######
......^# ######.########
..............###########
................@>.......
.#.....####'##.#)........
.########.......o........
.# #.....#.)........ .#
#.....#.#+#######
.########..†..#.#
........'.....#..
#########.....##. #
#...%.# ..


You could see an orc wizard.

Vanquished Creatures
  4 adders
  2 worms
  4 dart slugs
  2 leopard geckos (D:1)
  4 orcs (D:3)
  6 bats
  A giant cockroach (D:2)
  5 hobgoblins
  4 jackals (D:1)
  2 quokkas
  2 ball pythons
  A frilled lizard (D:1)
  9 goblins
  2 kobolds
  7 rats
55 creatures vanquished.

Notes
Turn   | Place    | Note
-------+----------+-------------------------------------------
     0 | D:1      | equalderp2856 the Mummy Fighter began the quest for the Orb.
     0 | D:1      | Reached XP level 1. HP: 18/18 MP: 1/1
    89 | D:1      | Reached XP level 2. HP: 21/24 MP: 2/2
   483 | D:1      | Reached XP level 3. HP: 24/29 MP: 3/3
  1240 | D:2      | Reached XP level 4. HP: 26/35 MP: 4/4
  1562 | D:3      | Noticed Tr0llz0r's ghost (amateur HOFi)
  2019 | D:3      | Killed from afar by an orc wizard

Skill      XL: |  1  2  3  4 |
---------------+-------------+-----
Axes           | 2 3 |  3.0
Fighting       | |  3.3
Armour         | |  2.7
Dodging        | |  0.4
Stealth        | |  0.1
Shields        | |  2.9
Spellcasting   | |  0.5

Action                   |  1- 3 |  4- 6 || total
-------------------------+-------+-------++-------
Melee: War axe           |   121 |    65 ||   186
Armor: Scale mail        |    66 |    36 ||   102
Dodge: Dodged            |    45 |    28 ||    73
Block: Shield            |    75 |    33 ||   108
